 Dungeon Crawl Stone Soup version 0.32-a0-909-gc671339a80 (webtiles) character file.

Game seed: 10409295412731095517

153 Shayle the Ducker (level 5, 0/41 HPs)
             Began as a Coglin Alchemist on Apr 6, 2024.
             Slain by an orc
             ... wielding a +2 whip of venom
              (3 damage)
             ... on level 3 of the Dungeon.
             The game lasted 00:06:57 (2652 turns).

Shayle the Ducker (Coglin Alchemist)                Turns: 2652, Time: 00:06:58

Health: 0/41       AC:  9    Str: 10    XL:     5   Next: 35%
Magic:  7/7        EV: 10    Int: 14    God:
Gold:   101        SH:  0    Dex: 15    Spells: 6/7 levels left

rFire   + . .        f - +3 war axe (venom) {Zhen}
rCold   . . .        e - +0 short sword {Agam}
rNeg    . . .        k - +2 ring mail {rF+}
rPois   .            n - +0 helmet
rElec   .            j - +0 cloak
rCorr   .            (no gloves)
SInv    .            (no boots)
Will    .....        (amulet unavailable)
Stlth   +            (ring unavailable)
HPRegen 0.26/turn    (ring unavailable)
MPRegen 0.10/turn    (no gizmo)

%: no passive effects
@: lethally poisoned (0 -> -13), attractive, revved
A: off-hand wielding, slow wielding, warmup strikes, no jewellery
a: Invent Gizmo


You were on level 3 of the Dungeon.
You visited 1 branch of the dungeon, and saw 3 of its levels.

You collected 101 gold pieces.

Inventory:

Hand Weapons
 b - a +0 short sword {Daisaku}
 e - a +0 short sword (offhand) {Agam}
 f - a +3 war axe of venom (weapon) {Zhen}
Missiles
 d - 4 boomerangs (quivered)
Armour
 a - a +0 robe
 j - a +0 cloak (worn)
 k - a +2 ring mail of fire resistance (worn)
 n - a +0 helmet (worn)
Scrolls
 i - a scroll of amnesia {unknown}
 l - a scroll of noise {unknown}
 o - a scroll of teleportation {unknown}
 p - a scroll of identify {unknown}
 q - a scroll of fear {unknown}
Potions
 c - a potion of invisibility {unknown}
 m - a potion of might {unknown}


   Skills:
 + Level 3.2 Fighting
 + Level 3.6 Dodging
 - Level 1.5 Stealth
 - Level 1.7 Spellcasting
 - Level 0.8 Conjurations
 - Level 3.2 Alchemy


You had 6 spell levels left.
You knew the following spells:

 Your Spells              Type           Power      Damage    Failure   Level
a - Sting                 Conj/Alch      28%        1d4       26%         1

Your spell library contained the following spells:

 Spells                   Type           Power      Damage    Failure   Level
 Mercury Vapours          Alch/Air       10%        N/A       43%         2
 Mephitic Cloud           Conj/Alch/Air  5%         N/A       73%         3
 Olgreb's Toxic Radiance  Alch           10%        N/A       86%         4
 Sticky Flame             Fire/Alch      5%         2d4       97%         4


Dungeon Overview and Level Annotations

Branches:
Dungeon (3/15)

Altars:


Innate Abilities, Weirdness & Mutations

You can wield a second weapon in your off-hand.
It takes a long time for you to wield or remove held weapons.
Your first few attacks do less damage.
You cannot equip rings or amulets.


Message History

You completely miss the jackal with your +0 short sword.
The jackal is almost dead.
You slash the jackal with your +3 war axe of venom!
You kill the jackal!
The orc barely misses you. The orc misses you. The orc completely misses you.
You barely miss the orc with your +0 short sword.
You barely miss the orc with your +3 war axe of venom.
The orc barely misses you. x2
The orc attacks as it pursues you! The orc hits you but does no damage.
You are poisoned.
Things that are here:
a +0 short sword; an orc corpse You closely miss the orc with your +0 short sword.
You barely miss the orc with your +3 war axe of venom.
You feel sick.
The orc hits you from afar with a +0 trident.
The orc closely misses you.
Unknown command.
You closely miss the orc with your +3 war axe of venom.
You hit the orc but do no damage.
You feel sick. The orc closely misses you. The orc hits you but does no damage.
You are more poisoned.
Unknown command.
It was a potion of attraction.
You feel attractive to monsters.
You feel very sick.
The orc hits you from afar with a +0 trident.
* * * LOW HITPOINT WARNING * * *
The orc hits you but does no damage.
You are lethally poisoned!
Okay, then.
It was a potion of cancellation.
Your magical effects are unravelling.
You feel magically purged.
* * * LOW HITPOINT WARNING * * *
You feel very sick.
The orc hits you from afar with a +0 trident.
* * * LOW HITPOINT WARNING * * *
The orc hits you with a +2 whip of venom.
You die...

#.#..... #.....
#.###### #.....
#....... #.....
#..##### #..... #..# #
#..... #..# # #.....
#..#####
#...)###########.......
#...oo@................
#....###########.......
#...... ####.....##
....... #<.##...##.
..#.### #...#...#.. .
#. ##..#...#.. .
#####.....## #
#...........
#......♣)...


You could see 2 orcs.

Vanquished Creatures
  Jessica (D:3)
  2 orc wizards (D:3)
  An adder (D:2)
  2 ribbon worms (D:2)
  6 orcs (D:3)
  5 ball pythons
  6 bats
  6 endoplasms
  4 goblins
  5 hobgoblins
  12 jackals
  3 kobolds
  6 frilled lizards
  8 rats
67 creatures vanquished.

Notes
Turn   | Place    | Note
-------+----------+-------------------------------------------
     0 | D:1      | Shayle the Coglin Alchemist began the quest for the Orb.
     0 | D:1      | Reached XP level 1. HP: 13/13 MP: 3/3
   321 | D:1      | Reached skill level 1 in Fighting
   321 | D:1      | Reached XP level 2. HP: 21/21 MP: 2/4
  1175 | D:2      | Reached XP level 3. HP: 25/26 MP: 2/5
  1289 | D:2      | Found a faded altar of an unknown god.
  2112 | D:3      | Reached XP level 4. HP: 33/33 MP: 3/6
  2504 | D:3      | Noticed Jessica
  2510 | D:3      | Killed Jessica
  2511 | D:3      | Reached XP level 5. HP: 38/41 MP: 7/7
  2652 | D:3      | Slain by an orc

Illustrated notes

Levels and vault maps discovered:
D:1:      lightli_arrival_isolated_outpost, layout_basic
D:2:      layout_basic, ebering_ecumenical_altar_abandoned, hangedman_decor_push
D:3:      layout_basic, nicolae_dithmenos_through_a_glass_darkly,
          grunt_ministairs_6, uniq_jessica

Skill      XL: |  1  2  3  4 |
---------------+-------------+-----
Dodging        | 2 3 |  3.6
Fighting       | 1 2 3 |  3.2
Stealth        | |  1.5
Spellcasting   | |  1.7
Conjurations   | |  0.8
Alchemy        | |  3.2

Action                     |  1- 3 |  4- 6 || total
---------------------------+-------+-------++-------
  Melee: Unarmed           |     2 |       ||     2
         Short sword       |    73 |    66 ||   139
         War axe           |       |    30 ||    30
  Throw: Boomerang         |    29 |       ||    29
   Cast: Sting             |    50 |     5 ||    55
    Use: Potion            |     2 |     2 ||     4
 Armour: Robe              |    21 |       ||    21
         Ring mail         |    46 |    41 ||    87
  Dodge: Dodged            |    59 |    33 ||    92

Table legend: (Time is in decaauts)
 A = Elapsed time spent in this place.
 B = Non-inter-level travel time spent in this place.
 C = Inter-level travel time spent in this place.
 D = Time resting spent in this place.
 E = Time spent auto-exploring this place.
 F = Levels seen in this place.
 G = Mean time per level.
                   A        B        C        D        E       F      G
               +--------+--------+--------+--------+--------+-----+--------+
         Total |   2677 |   2606 |     71 |    134 |   1894 |   3 |  892.3 |
       Dungeon |   2677 |   2606 |     71 |    134 |   1894 |   3 |  892.3 |
               +--------+--------+--------+--------+--------+-----+--------+

Top non-repeatable levels by time:
     D:1: 1128 daAuts
     D:2: 969 daAuts
     D:3: 579 daAuts
